 Dungeon Crawl Stone Soup version 0.29.1-15-g9cfb28693d (webtiles) character file.

Game seed: 8765735473474647422

2239 EarthwalkerPL the Fighter (level 9, -1/81 HPs)
             Began as a Minotaur Fighter on Mar 12, 2023.
             Was a Priest of Okawaru.
             Slain by a gnoll sergeant
             ... wielding a +3 spear of venom
              (10 damage)
             ... on level 7 of the Dungeon.
             The game lasted 00:10:36 (6968 turns).

EarthwalkerPL the Fighter (Minotaur Fighter)        Turns: 6968, Time: 00:10:36

Health: -1/81      AC: 11    Str: 26    XL:     9   Next: 14%
Magic:  9/9        EV: 11    Int:  5    God:    Okawaru [***...]
Gold:   318        SH:  5    Dex:  9    Spells: 8/8 levels left

rFire   . . .      SeeInvis +   K - +0 war axe (flame)
rCold   . . .      Faith    .   c - +0 buckler
rNeg    . . .      Spirit   .   x - +1 ring mail "Ydeur" {rCorr Stlth+}
rPois   .          Reflect  .   (helmet restricted)
rElec   .          Harm     .   C - +0 cloak
rCorr   +          Rampage  .   (no gloves)
Will    .....                   l - +1 pair of boots {Stlth+}
Stlth   ++........              (no amulet)
HPRegen 0.23/turn               j - ring of see invisible
MPRegen 0.11/turn               n - ring of flight

@: lethally poisoned (-1 -> -34), flying
A: horns 2, retaliatory headbutt
a: Renounce Religion, Heroism


You were on level 7 of the Dungeon.
You worshipped Okawaru.
Okawaru was most pleased with you.
You visited 2 branches of the dungeon, and saw 8 of its levels.
You also visited: Sewer.

You collected 318 gold pieces.

Inventory:

Hand Weapons
 a - a +0 war axe
 K - a +0 war axe of flaming (weapon)
Missiles
 y - 6 boomerangs (quivered)
 F - 2 poisoned darts
 I - 3 boomerangs of dispersal
 L - a throwing net
Armour
 b - a +0 scale mail
 c - a +0 buckler (worn)
 l - a +1 pair of boots of stealth (worn)
 x - the +1 ring mail "Ydeur" (worn) {rCorr Stlth+}
   (You found it on level 4 of the Dungeon)

   rCorr:     It protects you from acid and corrosion.
   Stlth:     It makes you more stealthy.
 C - a +0 cloak (worn)
 G - a +0 plate armour
Jewellery
 j - a ring of see invisible (left hand)
 n - a ring of flight (right hand)
 B - a ring of wizardry
 J - an amulet of faith
Wands
 v - a wand of quicksilver (8)
 D - a wand of mindburst (9)
Scrolls
 f - 5 scrolls of enchant armour
 h - a scroll of poison
 i - 2 scrolls of fog
 m - 2 scrolls of blinking
 p - 3 scrolls of teleportation
 r - 2 scrolls of vulnerability
 t - a scroll of noise
Potions
 d - 4 potions of might
 e - a potion of resistance {unknown}
 g - 2 potions of heal wounds {unknown}
 k - a potion of magic {unknown}
 o - a potion of berserk rage {unknown}
 q - a potion of experience {unknown}
 s - 3 potions of flight {unknown}
 u - 2 potions of brilliance {unknown}
 w - 2 potions of lignification {unknown}
 z - 2 potions of curing {unknown}
 A - a potion of attraction {unknown}
Miscellaneous
 E - a tin of tremorstones (2/2)


   Skills:
 * Level 8.3 Fighting
 * Level 7.7 Axes
 + Level 1.8 Throwing
 * Level 8.2 Armour
 + Level 2.0 Dodging
 + Level 6.4 Shields
 + Level 1.7 Invocations


You had 8 spell levels left.
You didn't know any spells.
Your spell library was empty.

Dungeon Overview and Level Annotations

Branches:
Dungeon (7/15)             Temple (1/1) D:5           Sewer (visited)

Altars:
Ashenzari
Cheibriados
Dithmenos
Elyvilon
Fedhas
Gozag
Hepliaklqana
Kikubaaqudgha
Makhleb
Nemelex Xobeh
Okawaru
Qazlal
Sif Muna
Trog
Uskayaw
Vehumet
Xom
Zin
The Shining One

Shops:
D:4 =   D:7 *


Innate Abilities, Weirdness & Mutations

You have a pair of horns on your head.
You reflexively headbutt those who attack you in melee.


Message History

The black bear barely misses you. The black bear claws you.
You slash the black bear! You burn the black bear.
You kill the black bear!
Okawaru accepts your kill.
The gnoll sergeant hits you from afar with a +3 spear of venom!
The gnoll sergeant hits you from afar with a +3 spear of venom.
You are poisoned.
The gnoll closely misses you. You furiously retaliate!
You headbutt the gnoll.
The gnoll shouts!
You hit the gnoll. You burn the gnoll. You headbutt the gnoll.
The gnoll is severely wounded.
You feel sick.
You hear a shout!
The gnoll hits you with a +2 spear of venom.
You are more poisoned.
The gnoll sergeant hits you from afar with a +3 spear of venom!
You are more poisoned.
You slash the gnoll! You burn the gnoll.
You kill the gnoll!
Okawaru accepts your kill.
Okawaru will now gift you throwing weapons as you gain piety.
You feel extremely sick.
The gnoll sergeant hits you from afar with a +3 spear of venom.
You are lethally poisoned!
Your Dodging skill increases to level 2!
You closely miss the gnoll. Your headbutt misses the gnoll.
You feel extremely sick. The gnoll hits you but does no damage.
The gnoll hits you from afar with a +0 halberd.
The gnoll sergeant hits you but does no damage.
You are more poisoned.
You barely miss the gnoll.
* * * LOW HITPOINT WARNING * * *
You feel extremely sick. The gnoll hits you with a +0 club.
* * * LOW HITPOINT WARNING * * *
The gnoll hits you from afar with a +0 halberd.
* * * LOW HITPOINT WARNING * * *
The gnoll sergeant hits you from afar with a +3 spear of venom!
You die...

..#####.#######
..............#
............#.##
.##.#........).#
............#..###
.##.##...###.....#
###.##...#*#..g..##
* #.###.###.#.gg#.#
#># #......#.#@#*
#.#
#.###..#g###********
#.# #.#
#..#.#,,,,,,,,,* #.#
#.# #.#...********,*
#.# *,* ##,...,* *,*
* #.#**,****gg...*
*,*
**#..,,,,,,,g.#.#*
*,*
,*###**,****,**,*
*,*
,,,,,*,,,,,,,,,,*
*,*


You could see a gnoll sergeant and 2 gnolls.

Vanquished Creatures
  Maggie (D:6)
  Grinder (D:5)
  2 steam dragons
  An orc warrior (D:5)
  2 black bears
  An ice beast (D:5)
  An ogre (D:6)
  A phantom (D:6)
  2 bullfrogs (Sewer)
  A necrophage (D:6)
  3 scorpions
  A jelly (D:6)
  2 orc priests
  A gnoll bouda (D:6)
  An iguana (D:3)
  Natasha (D:2)
  3 orc wizards
  5 gnolls
  12 adders
  3 river rats (D:5)
  An ufetubus (D:5)
  4 worms
  3 dart slugs
  16 orcs
  4 bats
  6 endoplasms
  18 giant cockroaches
  7 hobgoblins
  11 jackals
  9 quokkas
  12 ball pythons
  15 frilled lizards
  4 goblins
  11 kobolds
  5 rats
171 creatures vanquished.

Notes
Turn   | Place    | Note
-------+----------+-------------------------------------------
     0 | D:1      | EarthwalkerPL the Minotaur Fighter began the quest for the
                  | Orb.
     0 | D:1      | Reached XP level 1. HP: 19/19 MP: 0/0
   150 | D:1      | Reached XP level 2. HP: 27/27 MP: 1/1
   861 | D:2      | Reached XP level 3. HP: 33/33 MP: 2/2
  1131 | D:2      | Found a hazy altar of Hepliaklqana.
  1131 | D:2      | Noticed Natasha
  1137 | D:2      | Killed Natasha
  1156 | D:2      | Reached XP level 4. HP: 41/41 MP: 3/3
  2407 | D:3      | Reached XP level 5. HP: 47/47 MP: 4/4
  2962 | D:4      | Reached skill level 5 in Fighting
  2962 | D:4      | Reached skill level 5 in Armour
  3025 | D:4      | Identified the +1 ring mail "Ydeur" {rCorr Stlth+}
  3095 | D:4      | Reached XP level 6. HP: 56/56 MP: 5/5
  3128 | D:4      | Found Puatzoir's Jewellery Shoppe.
  3676 | D:5      | Entered Level 5 of the Dungeon
  3886 | D:5      | Found a staircase to the Ecumenical Temple.
  3895 | Temple   | Entered the Ecumenical Temple
  3945 | Temple   | Became a worshipper of Warmaster Okawaru
  3980 | D:5      | Noticed an ice beast
  3988 | D:5      | Killed an ice beast
  3989 | D:5      | Reached skill level 5 in Axes
  4014 | D:5      | Noticed Grinder
  4020 | D:5      | Paralysed by Grinder for 3 turns
  4043 | D:5      | Killed Grinder
  4044 | D:5      | Reached skill level 5 in Shields
  4044 | D:5      | Reached XP level 7. HP: 30/64 MP: 6/6
  4055 | D:5      | Found a glowing drain.
  4065 | Sewer    | Entered a sewer
  4260 | Sewer    | Reached * piety under Okawaru
  4900 | D:5      | Reached XP level 8. HP: 42/73 MP: 7/7
  5705 | D:6      | Noticed Maggie
  5714 | D:6      | Reached ** piety under Okawaru
  5731 | D:6      | Killed Maggie
  5732 | D:6      | Reached skill level 1 in Throwing
  5732 | D:6      | Reached skill level 1 in Dodging
  5732 | D:6      | Reached skill level 1 in Invocations
  6092 | D:6      | HP: 2/74 [something (12)]
  6449 | D:6      | Reached XP level 9. HP: 46/81 MP: 9/9
  6950 | D:7      | Found Ytoj Yvyz's Neck Hole.
  6966 | D:7      | Reached *** piety under Okawaru
  6968 | D:7      | Slain by a gnoll sergeant

Illustrated notes

Levels and vault maps discovered:
D:1:      minmay_arrival_up_and_down, layout_loops_cross,
          chequers_serial_rivers_micro_d, nrook_mini_vaults,
          nicolae_figureground_pulse
D:2:      layout_basic, basic_altar, grunt_decor_resistance,
          chequers_serial_rivers_micro_b, uniq_natasha
D:3:      layout_loops_corners
D:4:      layout_basic, serial_shops, shop, st_stairs_6
D:5:      layout_cave_pods, minmay_temple_entry_drinking_statues,
          portal_sewer_entry_e, uniq_grinder
D:6:      layout_basic, minmay_misc_feat_secret_circle, uniq_maggie
D:7:      layout_loops_ring, enter_bailey_5, serial_shops, shop,
          nicolae_shop_sticking_my_neck_out
Temple:   nicolae_temple_bog_church

Skill      XL: |  1  2  3  4  5  6  7  8  9 |
---------------+----------------------------+-----
Armour         | 4 5 6 7 8 |  8.2
Fighting       | 4 5 6 7 8 |  8.3
Axes           | 3 4 5 6 7 |  7.7
Shields        | 4 5 6 |  6.4
Throwing       | 1 |  1.8
Dodging        | 1 2 |  2.0
Invocations    | 1 |  1.7

Action                   |  1- 3 |  4- 6 |  7- 9 || total
-------------------------+-------+-------+-------++-------
Melee: War axe           |    56 |   159 |   172 ||   387
       Headbutt          |     5 |    26 |    25 ||    56
Throw: Boomerang         |       |     5 |     5 ||    10
  Use: Scroll            |       |     7 |     3 ||    10
 Stab: Sleeping          |       |     1 |     2 ||     3
       Distracted        |       |       |     1 ||     1
Armor: Scale mail        |    34 |    31 |       ||    65
       Ring mail         |       |    39 |    70 ||   109
Dodge: Dodged            |    34 |    75 |    90 ||   199
Block: Buckler           |    11 |    28 |    50 ||    89
